 Dungeon Crawl Stone Soup version 0.28.0-1-gb440e238dd (webtiles) character file.

Game seed: 5640086472522972391

16006 Bearnado the Cruncher (level 12, 0/159 HPs)
             Began as a Minotaur Berserker on Feb 19, 2022.
             Was an Elder of Trog.
             Slain by an orc warrior (13 damage)
             ... on level 11 of the Dungeon.
             The game lasted 00:55:21 (12993 turns).

Bearnado the Cruncher (Minotaur Berserker)         Turns: 12993, Time: 00:55:21

Health: 0/159      AC: 30    Str: 22 (24) XL:     12   Next: 6%
Magic:  11/11      EV:  2    Int:  3 (4)  God:    Trog [****..]
Gold:   1077       SH: 13    Dex: 12 (13) Spells: 11/11 levels left

rFire   . . .      SeeInvis .   e - +2 long sword (flame)
rCold   + + .      Faith    .   j - +2 tower shield {rC+}
rNeg    . . .      Spirit   .   (armour currently unavailable)
rPois   +          Reflect  .   (helmet currently unavailable)
rElec   .          Harm     .   (cloak currently unavailable)
rCorr   .          Rampage  .   (gloves currently unavailable)
Will    ++...      NoTele   +   (boots currently unavailable)
Stlth   ++........              Y - amulet of regeneration
HPRegen 2.16/turn               N - +4 ring of protection
MPRegen 0.12/turn               X - ring of protection from cold

@: tree-form, strong-willed, on berserk cooldown, regenerating, slowed, very
slow
A: stationary, stasis, torment immunity, boosted hp, (horns 2), (retaliatory
headbutt)
a: Renounce Religion, Berserk, Trog's Hand, Brothers in Arms


You were on level 11 of the Dungeon.
You worshipped Trog.
Trog was greatly pleased with you.
You were a tree.
You visited 1 branch of the dungeon, and saw 11 of its levels.
You also visited: Sewer and Ice Cave.

You collected 1077 gold pieces.

Inventory:

Hand Weapons
 a - the +10 hand axe of the Red Skies {vorpal, rElec MP+9}
   (You found it in an ice cave)

   It inflicts extra damage upon your enemies.
   rElec:     It insulates you from electricity.
   MP:        It affects your magic capacity (+9).
 e - a +2 long sword of flaming (weapon)
 h - a +3 great sword
 t - a +4 glaive of freezing
 z - a +2 flail of protection
 A - the +10 short sword of Fedhas's Pride {vorpal, Int+3 Dex+3}
   (You found it on level 5 of the Dungeon)

   It inflicts extra damage upon your enemies.
   Int:       It affects your intelligence (+3).
   Dex:       It affects your dexterity (+3).
 C - the +4 dagger "Pestecsu" {drain, rC++ Str-4 Dex+2}
   (You found it on level 10 of the Dungeon)

   A truly terrible weapon, it drains the life of any living foe it strikes.
   Str:       It affects your strength (-4).
   Dex:       It affects your dexterity (+2).
   rC:        It greatly protects you from cold.
 D - a +2 halberd
 E - a +2 great sword
 F - a +4 spear
 K - a +0 shortbow
 Q - a +0 lajatang
 S - a +0 flail of protection
Missiles
 i - 193 arrows
 p - 78 sling bullets
 w - 57 bolts
 x - 4 poisoned darts (quivered)
 O - 3 boomerangs
 U - 4 curare-tipped darts
 V - 2 javelins
 W - a silver javelin
Armour
 d - a +0 ring mail (melded)
 g - a +2 tower shield of cold resistance
 j - a +2 tower shield of cold resistance (worn)
 l - a +0 pair of gloves (melded)
 B - a +2 tower shield of cold resistance
 H - a +0 cloak (melded)
Jewellery
 J - a ring of protection from fire
 N - a +4 ring of protection (left branch)
 T - the ring "Hanenez" {Ice +Blink rCorr Dex-5}
   (You found it in an ice cave)

   [ring of ice]

   It enhances your ice magic.
   Dex:       It affects your dexterity (-5).
   rF:        It makes you vulnerable to fire.
   rC:        It protects you from cold.
   +Blink:    It lets you blink.
   rCorr:     It protects you from acid and corrosion.
 X - a ring of protection from cold (right branch)
 Y - an amulet of regeneration (around neck)
 Z - the ring "Edeak" {*Slow Fly rF+ Dex+6}
   (You found it in an ice cave)

   [ring of dexterity]

   Dex:       It affects your dexterity (+6).
   rF:        It protects you from fire.
   Fly:       It grants you flight.
   *Slow:     It may slow you when you take damage.
Wands
 k - a wand of polymorph (7)
 m - a wand of iceblast (6)
 G - a wand of paralysis (9)
 L - a wand of flame (8)
 P - a wand of digging (14)
Scrolls
 b - a scroll of magic mapping {unknown}
 c - 2 scrolls of enchant armour
 f - 4 scrolls of fear {unknown}
 o - a scroll of immolation {unknown}
 q - 4 scrolls of teleportation {unknown}
 v - 2 scrolls of summoning {unknown}
 I - a scroll of torment {unknown}
 M - 2 scrolls of amnesia {unknown}
 R - a scroll of noise {unknown}
Potions
 r - a potion of curing
 s - 4 potions of flight
 u - 2 potions of berserk rage


   Skills:
 + Level 9.7 Fighting
 + Level 7.4(7.5) Short Blades
 + Level 1.9(5.5) Long Blades
 + Level 4.6(7.0) Axes
 + Level 5.3(9.5) Maces & Flails
 + Level 6.0(9.9) Polearms
 + Level 11.2(12.3) Staves
 + Level 3.8 Throwing
 + Level 10.1 Armour
 + Level 7.8 Dodging
 + Level 3.1 Stealth
 + Level 1.4 Shields


You had 11 spell levels left.
You didn't know any spells.
Your spell library was empty.

Dungeon Overview and Level Annotations

Branches:
Dungeon (11/15)            Temple (0/1) D:6             Orc (0/2) D:11
  Sewer (visited)           IceCv (visited)
   Lair: D:8-11

Altars:
Cheibriados
Elyvilon
Makhleb
Qazlal
Ru
Sif Muna
Trog
Vehumet
Xom
Beogh

Shops:
D:6 *   D:7 [

Annotations:
D:11 2 transporters, Xaxieg's ghost, journeyman GnSk


Innate Abilities, Weirdness & Mutations

You are a tree.
Your roots penetrate the ground, keeping you stationary.
You cannot be teleported.
You are immune to unholy pain and torment.
Your maximum health is greatly increased.
Your equipment is partially melded.
((You have a pair of horns on your head.))
((You reflexively headbutt those who attack you in melee.))


Message History

You block the orc's attack.
The orc warrior hits you from afar with a +0 trident.
The orc knight barely misses you. The orc hits you but does no damage.
The orc warrior hits you but does no damage.
You hit the orc knight. You burn the orc knight.
The orc knight is moderately wounded.
The orc no longer looks unusually strong.
The orc knight roars a battlecry!
The orcs go into a battle-frenzy!
You block the orc's attack. You block the orc warrior's attack.
You block the orc knight's attack. The orc hits you but does no damage.
The orc warrior hits you from afar with a +0 trident!
* * * LOW HITPOINT WARNING * * *
You hit the orc knight. You burn the orc knight.
The orc knight is moderately wounded.
The orc no longer looks unusually strong.
The orc knight hits you with a +1 dire flail.
The orc hits you but does no damage.
The orc warrior hits you from afar with a +0 trident!
* * * LOW HITPOINT WARNING * * *
The orc knight hits you with a +1 dire flail!
* * * LOW HITPOINT WARNING * * *
You block the orc's attack.
The orc warrior hits you but does no damage.
You barely miss the orc knight.
The orc knight is moderately wounded.
The orc knight roars a battlecry!
The orc goes into a battle-frenzy!
You block the orc's attack. You block the orc warrior's attack.
The orc knight hits you with a +1 dire flail.
* * * LOW HITPOINT WARNING * * *
The orc hits you but does no damage.
The orc warrior hits you from afar with a +0 trident.
* * * LOW HITPOINT WARNING * * *
The orc knight hits you with a +1 dire flail!
* * * LOW HITPOINT WARNING * * *
The orc hits you but does no damage.
You feel better.
The orc warrior hits you from afar with a +0 trident!
You die...

..#...# #.###........
..#...##### #.#....######
..#.......###.'..###
###...........#..# >
..............#..# ..
..............#..# .._
..............#..# ....
..............#..# ....8
.......###...###♣##8'8###
....#### ..... #ooo......
....# .......#.o.......
....# #....##### ....#
.....# ....+ ......#
.......# ........#
.........#


You could see an orc knight, an orc warrior (strong) and 2 orcs.

Vanquished Creatures
  An ice dragon (IceCv)
  A hydra (D:11)
  Erolcha (D:11)
  4 two-headed ogres
  A death yak (D:11)
  A manticore (D:10)
  2 ice statues (IceCv)
  2 unseen horrors
  An unseen horror (shapeshifter) (D:8)
  A kobold demonologist (D:10)
  Maggie (D:9)
  4 rime drakes (IceCv)
  A troll (D:11)
  13 yaks
  A basilisk (D:11)
  2 steam dragons
  A wyvern (D:9)
  2 water moccasins
  A sky beast (D:7)
  A black bear (D:7)
  9 necrophages
  2 ice beasts
  5 orc warriors
  An ogre (D:6)
  6 centaurs
  2 kobold brigands
  2 bullfrogs (D:8)
  A gnoll sergeant (D:9)
  4 scorpions
  A water moccasin zombie (D:6)
  3 killer bees (D:7)
  5 lindwurm simulacra (IceCv)
  A howler monkey (D:8)
  11 wights
  5 komodo dragon simulacra (IceCv)
  A hound (D:5)
  4 orc priests
  2 jellies
  A bullfrog skeleton (D:5)
  A gnoll shaman (D:6)
  2 centaur skeletons
  3 orc wizards
  An iguana (D:5)
  A scorpion zombie (D:5)
  3 howler monkey zombies
  12 gnolls
  6 acid dragon simulacra (IceCv)
  7 adders
  13 white imps
  5 steam dragon simulacra (IceCv)
  2 ufetubi
  5 worms
  3 dart slugs
  53 orcs
  11 bats
  9 endoplasms
  3 giant cockroaches
  5 goblins
  6 hobgoblins
  3 jackals (D:1)
  7 quokkas
  6 ball pythons
  3 frilled lizards
  12 kobolds
  4 rats
294 creatures vanquished.

Vanquished Creatures (collateral kills)
  Sonja (D:11)
1 creature vanquished.

Vanquished Creatures (others)
  2 fungi (D:11)
  A withered plant (D:9)
3 creatures vanquished.

Grand Total: 298 creatures vanquished

Notes
Turn   | Place    | Note
-------+----------+-------------------------------------------
     0 | D:1      | Bearnado the Minotaur Berserker began the quest for the
                  | Orb.
     0 | D:1      | Reached XP level 1. HP: 19/19 MP: 0/0
    34 | D:1      | Found a faded altar of an unknown god.
   162 | D:1      | Reached XP level 2. HP: 27/27 MP: 1/1
  1126 | D:2      | Reached ** piety under Trog
  1171 | D:2      | Reached XP level 3. HP: 33/33 MP: 2/2
  1439 | D:2      | Reached skill level 1 in Polearms
  2102 | D:2      | Reached XP level 4. HP: 39/40 MP: 3/3
  3342 | D:4      | Found a sacrificial altar of Ru.
  3386 | D:4      | Found a radiant altar of Vehumet.
  3388 | D:4      | Found a shimmering altar of Xom.
  3461 | D:4      | Reached XP level 5. HP: 46/46 MP: 4/4
  3777 | D:4      | Found a glowing drain.
  3800 | Sewer    | Entered a sewer
  4021 | Sewer    | Noticed a water moccasin
  4032 | Sewer    | Killed a water moccasin
  4350 | D:4      | Reached XP level 6. HP: 52/53 MP: 5/5
  4428 | D:5      | Entered Level 5 of the Dungeon
  4499 | D:5      | Reached skill level 5 in Armour
  4752 | D:5      | Reached skill level 1 in Stealth
  4787 | D:5      | Reached *** piety under Trog
  4810 | D:5      | Reached XP level 7. HP: 60/60 MP: 6/6
  4910 | D:5      | Reached skill level 5 in Fighting
  4910 | D:5      | Reached skill level 5 in Polearms
  4935 | D:5      | Reached skill level 1 in Maces & Flails
  5033 | D:5      | Identified the +10 short sword of Fedhas's Pride {vorpal,
                  | Int+3 Dex+3}
  5253 | D:6      | Found Baiday's General Store.
  5537 | D:6      | Reached XP level 8. HP: 69/69 MP: 7/7
  5661 | D:6      | Reached skill level 1 in Short Blades
  5830 | D:6      | Found a staircase to the Ecumenical Temple.
  6331 | D:7      | Found a shimmering blue altar of Sif Muna.
  6496 | D:7      | Found a burning altar of Makhleb.
  6643 | D:7      | Noticed a two-headed ogre
  6652 | D:7      | Killed a two-headed ogre
  6653 | D:7      | Reached skill level 5 in Maces & Flails
  6653 | D:7      | Reached skill level 5 in Dodging
  6653 | D:7      | Reached XP level 9. HP: 42/78 MP: 8/8
  7069 | D:7      | Found Cheibriados's Comfort Zone.
  7092 | D:7      | Found a snail-covered altar of Cheibriados.
  7565 | D:7      | Found a stormy altar of Qazlal.
  7685 | D:8      | Reached skill level 5 in Short Blades
  7878 | D:8      | Found a white marble altar of Elyvilon.
  7934 | D:8      | Reached skill level 1 in Throwing
  8062 | D:8      | Reached XP level 10. HP: 80/86 MP: 9/9
  8306 | D:8      | Reached skill level 1 in Staves
  8634 | D:9      | Reached skill level 2 in Staves
  8668 | D:9      | Reached **** piety under Trog
  8805 | D:9      | Reached skill level 3 in Staves
  8981 | D:9      | Reached skill level 4 in Staves
  8996 | D:9      | Reached skill level 5 in Staves
  9073 | D:9      | Noticed Maggie
  9088 | D:9      | Killed Maggie
  9089 | D:9      | Reached skill level 6 in Staves
  9414 | D:9      | Reached skill level 7 in Staves
  9537 | D:10     | Entered Level 10 of the Dungeon
  9544 | D:10     | Noticed a sixfirhy
  9632 | D:10     | Identified the +4 dagger "Pestecsu" {drain, rC++ Str-4
                  | Dex+2}
  9984 | D:10     | Reached skill level 8 in Staves
 10266 | D:10     | Noticed a manticore
 10274 | D:10     | Killed a manticore
 10275 | D:10     | Reached XP level 11. HP: 70/95 MP: 10/10
 10394 | D:10     | Noticed a two-headed ogre
 10401 | D:10     | Killed a two-headed ogre
 10457 | D:10     | Noticed a two-headed ogre
 10464 | D:10     | Killed a two-headed ogre
 10465 | D:10     | Reached skill level 9 in Staves
 10532 | D:11     | Noticed a two-headed ogre
 10538 | D:11     | Killed a two-headed ogre
 10540 | D:11     | Found a transporter.
 10543 | D:11     | Noticed a two-headed ogre
 10544 | D:11     | Found a transporter.
 10545 | D:11     | Found a bloodstained altar of Trog.
 10545 | D:11     | Noticed a deep troll
 10545 | D:11     | Noticed Xaxieg's ghost (journeyman GnSk)
 10569 | D:11     | Noticed Erolcha
 10587 | D:11     | Killed Erolcha
 10591 | D:11     | Noticed Sonja
 10606 | D:11     | Noticed a two-headed ogre
 10622 | D:11     | Killed Sonja
 10939 | D:11     | Reached skill level 10 in Staves
 11018 | D:11     | Found a frozen archway.
 11073 | IceCv    | Entered an ice cave
 12125 | IceCv    | Noticed an ice dragon
 12156 | IceCv    | Killed an ice dragon
 12157 | IceCv    | Reached skill level 11 in Staves
 12178 | IceCv    | Reached ***** piety under Trog
 12237 | IceCv    | Identified the ring "Edeak" {*Slow Fly rF+ Dex+6}
 12331 | IceCv    | Identified the ring "Hanenez" {Ice +Blink rCorr Dex-5}
 12339 | IceCv    | Identified the +10 hand axe of the Red Skies {vorpal, rElec
                  | MP+9}
 12665 | IceCv    | Reached skill level 10 in Armour
 12811 | D:11     | Noticed a six-headed hydra
 12824 | D:11     | Killed a one-headed hydra
 12843 | D:11     | Reached skill level 1 in Long Blades
 12935 | D:11     | Found a staircase to the Orcish Mines.
 12944 | D:11     | Reached XP level 12. HP: 98/106 MP: 11/11
 12961 | D:11     | Noticed a death yak
 12976 | D:11     | Killed a death yak
 12977 | D:11     | Reached skill level 1 in Shields
 12984 | D:11     | HP: 4/106 [orc warrior (20)]
 12992 | D:11     | HP: 2/159 [orc knight (15)]
 12993 | D:11     | Slain by an orc warrior

Illustrated notes

Levels and vault maps discovered:
D:1:      matt_arrival_grand_opening, layout_basic,
          ebering_ecumenical_altar_abandoned
D:2:      layout_loops_corners
D:3:      layout_basic, chequers_jeans, minmay_misc_feat_encased
D:4:      layout_basic, nicolae_overflow_hidden_temple,
          cheibrodos_sewer_entry_bend, serial_bayou_pond_a
D:5:      layout_basic
D:6:      layout_basic, minmay_temple_entry_waves, nicolae_stop_n_shop_1
D:7:      layout_basic, mainiacjoe_overflow_alcove_2,
          mainiacjoe_overflow_catch_the_wave, mumra_transporter_accident,
          chequers_serial_rivers_marsh, minmay_shop_chei
D:8:      layout_basic, lemuel_tele_altar
D:9:      layout_roguey, serial_undead, serial_undead_f, serial_undead_d,
          serial_undead_a, serial_undead_e, serial_undead_a, uniq_maggie
D:10:     layout_rooms, special_room [special_room_orc]
D:11:     layout_irregular_city, david_lair_generic, david_orc_5,
          gammafunk_ghost_wrathful_warriors, portal_ice_cave_entry_imps,
          uniq_erolcha, uniq_sonja

Skill      XL: |  1  2  3  4  5  6  7  8  9 10 11 12 |
---------------+-------------------------------------+-----
Fighting       | 4 5 6 7 8 9 |  9.7
Axes           | 4 |  4.6
Polearms       | 1 2 3 4 5 6 |  6.0
Armour         | 3 4 5 6 7 8 9 10 | 10.1
Dodging        | 3 4 5 6 7 |  7.8
Stealth        | 1 2 3 |  3.1
Maces & Flails | 2 5 |  5.3
Short Blades   | 4 6 7 |  7.4
Throwing       | 1 2 3 |  3.8
Staves         | 8 11 | 11.2
Long Blades    | 1 |  1.9
Shields        | 1 |  1.4

Action                   |  1- 3 |  4- 6 |  7- 9 | 10-12 || total
-------------------------+-------+-------+-------+-------++-------
Melee: Spear             |   106 |   118 |       |       ||   224
       Hand axe          |     5 |       |       |     6 ||    11
       Headbutt          |    15 |    24 |    36 |    91 ||   166
       Punch             |     1 |     4 |     2 |     2 ||     9
       Flail             |       |     3 |    20 |       ||    23
       Short sword       |       |       |   120 |    20 ||   140
       Lajatang          |       |       |       |   272 ||   272
       Dagger            |       |       |       |   127 ||   127
       Long sword        |       |       |       |    64 ||    64
Throw: Javelin           |       |       |     5 |    31 ||    36
       Throwing net      |       |       |       |     2 ||     2
       Dart              |       |       |       |     6 ||     6
Invok: Berserk           |       |     6 |     4 |    17 ||    27
       Brothers in Arms  |       |       |       |     2 ||     2
       Trog's Hand       |       |       |       |     1 ||     1
  Use: Scroll            |       |     3 |     4 |       ||     7
       Potion            |       |       |       |    13 ||    13
Armor: Animal skin       |     3 |       |       |       ||     3
       Ring mail         |    29 |    41 |    60 |   230 ||   360
       Skin              |       |       |       |    86 ||    86
Dodge: Dodged            |    37 |    52 |   104 |   241 ||   434
Block: Tower shield      |       |       |       |    83 ||    83
